 Dungeon Crawl Stone Soup version 0.28-a0-1344-g6b9ff3a05d (webtiles) character file.

Game seed: 961504348604462447

128 Deminshera the Cudgeller (level 5, 0/32 HPs)
             Began as a Gargoyle Fighter on Dec 29, 2021.
             Was a Believer of Zin.
             Slain by a gnoll shaman (3 damage)
             ... on level 4 of the Dungeon.
             The game lasted 00:05:01 (4508 turns).

Deminshera the Cudgeller (Gargoyle Fighter)         Turns: 4508, Time: 00:05:01

Health: 0/32       AC: 10    Str: 21    XL:     5   Next: 11%
Magic:  5/5        EV:  9    Int:  9    God:    Zin [**....]
Gold:   179        SH:  4    Dex:  9    Spells: 4/4 levels left

rFire   . . .      SeeInvis .   a - +0 flail
rCold   . . .      Faith    .   c - +0 buckler
rNeg    + . .      Spirit   .   b - +0 scale mail
rPois   ∞          Reflect  .   (no helmet)
rElec   +          Harm     .   (no cloak)
rCorr   .          Rampage  .   (no gloves)
Will    .....                   (no boots)
Stlth   ..........              (no amulet)
HPRegen 0.10/turn               (no ring)
MPRegen 0.09/turn               (no ring)

@: on recite cooldown, attractive, flying, hasted, very quick
A: sickness immunity, AC +4, negative energy resistance 1, electricity
resistance, torment resistance 1, petrification resistance
a: Renounce Religion, Recite, Vitalisation, Donate Gold


You were on level 4 of the Dungeon.
You worshipped Zin.
Zin was pleased with you.
You visited 1 branch of the dungeon, and saw 4 of its levels.

You collected 198 gold pieces.
You donated 19 gold pieces to Zin.

Inventory:

Hand Weapons
 a - a +0 flail (weapon)
Armour
 b - a +0 scale mail (worn)
 c - a +0 buckler (worn)
Scrolls
 e - a scroll of teleportation {unknown}
 g - a scroll of fear {unknown}
 h - a scroll of identify {unknown}
 i - a scroll of magic mapping {unknown}
 k - a scroll of immolation {unknown}
 l - a scroll of holy word {unknown}
Potions
 d - 2 potions of might


   Skills:
 - Level 3.2 Fighting
 + Level 4.3 Maces & Flails
 - Level 3.2 Armour
 - Level 2.0 Stealth
 - Level 4.0 Shields


You had 4 spell levels left.
You didn't know any spells.
Your spell library contained the following spells:

 Spells                   Type           Power      Damage    Failure   Level
 Blink                    Tloc           0%         N/A       86%         2
 Lesser Beckoning         Tloc           0%         N/A       97%         3
 Manifold Assault         Tloc           0%         N/A       100%        5


Dungeon Overview and Level Annotations

Branches:
Dungeon (4/15)
 Temple: D:4-7

Altars:
Hepliaklqana
Nemelex Xobeh
Xom
Zin
The Shining One

Shops:
D:1 !


Innate Abilities, Weirdness & Mutations

You are immune to sickness and miasma.
Your stone body is resilient. (AC +4)
You are immune to poison.
You resist negative energy. (rN+)
You are resistant to electric shocks. (rElec)
You are resistant to unholy torment.
You are immune to petrification.


Message History

The gnoll shaman is lightly wounded.
The gnoll hits you from afar with a +0 halberd.
* * * LOW HITPOINT WARNING * * *
The gnoll shaman hits you but does no damage.
You hit the gnoll shaman but do no damage.
The gnoll shaman is lightly wounded.
The gnoll barely misses you. You block the gnoll shaman's attack.
You closely miss the gnoll shaman.
The gnoll shaman is lightly wounded.
The gnoll barely misses you.
The gnoll shaman hits you but does no damage.
You hit the gnoll shaman.
The gnoll shaman is heavily wounded.
The gnoll hits you from afar with a +0 halberd!
* * * LOW HITPOINT WARNING * * *
The gnoll shaman calls upon its god to speed up the gnoll.
The gnoll seems to speed up.
The gnoll barely misses you.
You closely miss the gnoll shaman.
The gnoll shaman is heavily wounded.
The gnoll shaman hits you but does no damage.
The gnoll closely misses you.
The gnoll shaman calls upon its god to heal the gnoll.
The gnoll's wounds heal themselves!
It was a potion of haste.
You feel yourself speed up. The gnoll hits you but does no damage.
You block the gnoll's attack. You block the gnoll shaman's attack.
It was a potion of magic.
Magic courses through your body.
A gnoll comes into view. It is wielding a +0 spear.
The gnoll closely misses you.
It was a potion of attraction.
You feel attractive to monsters. The gnoll hits you but does no damage.
The gnoll shaman hits you but does no damage.
The gnoll hits you from afar with a +0 spear.
Zin protects you from harm!
It was a potion of flight.
You feel very buoyant.
You fly up into the air.
The gnoll barely misses you.
The gnoll shaman hits you with a +0 club.
You die...

#.# #.#
#.########
#.#......#
#.#.####.#
####.#.####.#
#<.......##.#
####.#.#.##.####
#.#.#.##.@gg#
#.#.# #####g#
..#.#.......#
###.######...
... ....# ..
######


You could see a gnoll shaman and 2 gnolls.

Vanquished Creatures
  An orc priest (D:3)
  A gnoll (D:4)
  An adder (D:2)
  3 worms
  A dart slug (D:2)
  5 orcs
  5 ball pythons
  3 endoplasms
  2 giant cockroaches
  5 goblins
  8 hobgoblins
  6 jackals
  5 bats
  A frilled lizard (D:1)
  7 kobolds
  5 rats
59 creatures vanquished.

Notes
Turn   | Place    | Note
-------+----------+-------------------------------------------
     0 | D:1      | Deminshera the Gargoyle Fighter began the quest for the
                  | Orb.
     0 | D:1      | Reached XP level 1. HP: 14/14 MP: 1/1
    99 | D:1      | Reached skill level 1 in Stealth
   251 | D:1      | Reached XP level 2. HP: 8/19 MP: 2/2
   941 | D:1      | Reached XP level 3. HP: 23/23 MP: 3/3
   941 | D:1      | Found Ytif's Distillery.
  1188 | D:1      | Found a faded altar of an unknown god.
  2216 | D:2      | Reached XP level 4. HP: 16/28 MP: 4/4
  2850 | D:2      | Found a glowing silver altar of Zin.
  2875 | D:2      | Became a worshipper of Zin the Law-Giver
  2875 | D:2      | Reached * piety under Zin
  3939 | D:3      | Found a shimmering altar of Xom.
  3941 | D:3      | Found a glowing golden altar of the Shining One.
  3950 | D:3      | Reached ** piety under Zin
  4223 | D:3      | Reached XP level 5. HP: 26/32 MP: 5/5
  4412 | D:3      | Found a hazy altar of Hepliaklqana.
  4421 | D:3      | Found a sparkling altar of Nemelex Xobeh.
  4507 | D:4      | Zin protects you from harm!
  4508 | D:4      | Slain by a gnoll shaman

Illustrated notes

Levels and vault maps discovered:
D:1:      sevenhm_arrival_forest_fort_large_4, layout_rooms,
          chequers_ecumenical_altar_twisty, serial_shops, nicolae_shop_trees,
          nicolae_wormholes
D:2:      layout_basic, basic_altar
D:3:      layout_basic, mainiacjoe_overflow_big_doors, jmf_multi_god_temple
D:4:      layout_basic, slow_altar_2, uniq_pikel

Skill      XL: |  1  2  3  4 |
---------------+-------------+-----
Stealth        | 1 2 |  2.0
Shields        | 4 |  4.0
Maces & Flails | 3 4 |  4.3
Fighting       | |  3.2
Armour         | |  3.2

Action                   |  1- 3 |  4- 6 || total
-------------------------+-------+-------++-------
Melee: Flail             |   124 |   100 ||   224
Invok: Recite            |       |     5 ||     5
  Use: Potion            |       |     4 ||     4
Armor: Scale mail        |    83 |    53 ||   136
Dodge: Dodged            |    89 |    55 ||   144
Block: Buckler           |    50 |    34 ||    84

Table legend: (Time is in decaauts)
 A = Elapsed time spent in this place.
 B = Non-inter-level travel time spent in this place.
 C = Inter-level travel time spent in this place.
 D = Time resting spent in this place.
 E = Time spent auto-exploring this place.
 F = Levels seen in this place.
 G = Mean time per level.
                   A        B        C        D        E       F      G
               +--------+--------+--------+--------+--------+-----+--------+
         Total |   4566 |   4398 |    168 |   1874 |   1984 |   4 | 1141.5 |
       Dungeon |   4566 |   4398 |    168 |   1874 |   1984 |   4 | 1141.5 |
               +--------+--------+--------+--------+--------+-----+--------+

Top non-repeatable levels by time:
     D:2: 1865 daAuts
     D:3: 1400 daAuts
     D:1: 1257 daAuts
     D:4: 43 daAuts
